 Dungeon Crawl Stone Soup version 0.20-a0-1122-gb7cbeb9 (webtiles) character file.

423 Hook the Conjurer (level 6, -4/37 HPs)
             Began as an Octopode Conjurer on May 11, 2017.
             Slain by a centaur (9 damage)
             ... on level 5 of the Dungeon.
             The game lasted 00:15:31 (5277 turns).

Hook the Conjurer (Octopode Conjurer)               Turns: 5277, Time: 00:15:32

Health: -4/37      AC:  1    Str:  9    XL:     6   Next: 95%
Magic:  4/12       EV: 15    Int: 17    God:
Gold:   244        SH:  0    Dex: 19    Spells: 6/13 levels left

rFire    . . .     SeeInvis .     - Unarmed
rCold    . . .     Gourm    .   (no shield)
rNeg     . . .     Faith    .   (helmet restricted)
rPois    .         Spirit   .   (no amulet)
rElec    .         Reflect  .   s - +6 ring of dexterity
rCorr    .         Harm     .   (no ring)
MR       .....                  (no ring)
Stlth    ++++......             (no ring)
Regen    0.2/turn               (no ring)
MPRegen  0.2/turn               (no ring)
                                (no ring)
                                (no ring)

@: very slightly contaminated
A: almost no armour, stealthy swim, amphibious, 8 rings, constrict 8, camouflage
1, gelatinous body 1
a: no special abilities


You were on level 5 of the Dungeon.
You were hungry.

You visited 1 branch of the dungeon, and saw 5 of its levels.

You collected 244 gold pieces.

Inventory:

Jewellery
 s - a +6 ring of dexterity (left tentacle)
Wands
 m - a wand of digging (13/24)
 w - a wand of acid (4/15)
Scrolls
 c - 2 scrolls of magic mapping
 d - 3 scrolls of random uselessness
 h - a scroll of identify
 i - a scroll of recharging
 n - 6 scrolls of enchant weapon
 p - 4 scrolls of fog
 q - a scroll of blinking
 v - a scroll of remove curse {unknown}
Potions
 e - 3 potions of mutation
 f - a potion of berserk rage {unknown}
 g - a potion of agility {unknown}
 l - 2 potions of flight {unknown}
 o - 2 potions of haste {unknown}
 r - a potion of invisibility {unknown}
 t - 2 potions of curing {unknown}
 x - a potion of brilliance {unknown}
Books
 a - a book of Conjurations

   Spells                             Type                      Level
   a - Magic Dart                     Conjuration                  1
   b - Searing Ray                    Conjuration                  2
   c - Dazzling Spray                 Conjuration/Hexes            3
   d - Fulminant Prism                Conjuration/Hexes            4
   e - Force Lance                    Conjuration/Translocation    4
   f - Iskenderun's Mystic Blast      Conjuration                  4
 u - a book of Cantrips

   Spells                             Type                      Level
   a - Confusing Touch                Hexes                        1
   b - Animate Skeleton               Necromancy                   1
   c - Summon Small Mammal            Summoning                    1
   d - Apportation                    Translocation                1
Comestibles
 b - 2 bread rations
 j - 2 royal jellies
 k - 4 meat rations


   Skills:
 + Level 0.6 Fighting
 * Level 3.2 Dodging
 - Level 3.0 Stealth
 + Level 1.7 Unarmed Combat
 * Level 4.2 Spellcasting
 * Level 5.7 Conjurations
 + Level 0.2 Evocations


You had 6 spell levels left.
You knew the following spells:

 Your Spells              Type           Power        Failure   Level  Hunger
a - Magic Dart            Conj           ###.         1%          1    None
b - Searing Ray           Conj           ###...       2%          2    ##.....
c - Dazzling Spray        Conj/Hex       ##....       14%         3    ###....
d - Animate Skeleton      Necr           N/A          16%         1    None


Dungeon Overview and Level Annotations

Branches:
Dungeon (5/15)
 Temple: D:4-7

Altars:
Cheibriados
Gozag
Hepliaklqana
Zin


Innate Abilities, Weirdness & Mutations

You cannot wear most types of armour.
You are very stealthy in the water. (Stealth+)
You are amphibious.
You can wear up to eight rings at the same time.
You can use your tentacles to constrict eight enemies at once.
Your skin changes colour to match your surroundings (Stealth+).
Your rubbery body absorbs attacks. (AC +1, EV +1)


Message History

The centaur unwields an uncursed shortbow of flaming.
It stops flaming.
The centaur hits you.
The searing ray hits the centaur.
The centaur is moderately wounded.
The centaur hits you!
* * * LOW HITPOINT WARNING * * *
The searing ray hits the centaur.
The centaur is moderately wounded.
You finish channeling your searing ray.
The centaur hits you.
* * * LOW HITPOINT WARNING * * *
You closely miss the centaur. You squeeze the centaur.
The centaur is moderately wounded.
The centaur barely misses you. The centaur closely misses you.
You barely miss the centaur. You squeeze the centaur.
The centaur is heavily wounded.
The centaur misses you.
You tentacle-slap the centaur.
The centaur is severely wounded.
The centaur closely misses you. The centaur hits you!
You die...

###......
#######.._..
#...........
#.#####.....
##.###.#.####
#......#.....
#..###...####
#.########..# #.#.#
#...c@(.....#####.#
##########........#
##########


You could see a centaur.

Vanquished Creatures
  A howler monkey (D:4)
  3 orc wizards
  2 orc priests (D:3)
  A bullfrog skeleton (D:5)
  An iguana (D:4)
  A worker ant (D:4)
  3 gnolls (D:3)
  4 adders
  An ooze (D:1)
  5 worms
  4 dart slugs
  3 leopard geckos
  8 orcs
  5 bats
  2 giant cockroaches
  6 goblins
  4 hobgoblins
  4 kobolds
  2 quokkas
  A ball python (D:2)
  3 frilled lizards
  5 rats
69 creatures vanquished.

Notes
Turn   | Place    | Note
-------+----------+-------------------------------------------
     0 | D:1      | Hook the Octopode Conjurer began the quest for the Orb.
     0 | D:1      | Reached XP level 1. HP: 11/11 MP: 3/3
    89 | D:1      | Reached XP level 2. HP: 11/17 MP: 5/5
   195 | D:1      | Learned a level 2 spell: Searing Ray
   981 | D:2      | Reached XP level 3. HP: 21/21 MP: 4/6
  1615 | D:2      | Learned a level 3 spell: Dazzling Spray
  1851 | D:2      | Reached XP level 4. HP: 27/27 MP: 0/7
  1982 | D:2      | Reached skill level 5 in Conjurations
  2800 | D:3      | Reached XP level 5. HP: 32/32 MP: 4/9
  3100 | D:2      | Reached XP level 6. HP: 21/37 MP: 1/11
  3375 | D:3      | Reached skill level 1 in Unarmed Combat
  4688 | D:4      | Found a snail-covered altar of Cheibriados.
  4710 | D:4      | Found a glowing silver altar of Zin.
  4713 | D:4      | Found a hazy altar of Hepliaklqana.
  5024 | D:4      | Learned a level 1 spell: Animate Skeleton
  5090 | D:5      | Entered Level 5 of the Dungeon
  5160 | D:5      | Found an opulent altar of Gozag.
  5277 | D:5      | Slain by a centaur

Vault maps used:
D:1:      saegor_arrival_miasma
D:3:      grunt_decor_mini_mirrors
D:4:      minitemple, first_bread
D:5:      minmay_temple_entry_hall, basic_altar, tso_altar

Skill      XL: |  1  2  3  4  5  6 |
---------------+-------------------+-----
Stealth        | 3 |  3.0
Conjurations   | 5 |  5.7
Spellcasting   | 3 4 |  4.2
Unarmed Combat | 1 |  1.7
Dodging        | 3 |  3.2
Fighting       | |  0.6
Evocations     | |  0.2

Action                   |  1- 3 |  4- 6 || total
-------------------------+-------+-------++-------
Melee: Unarmed           |    34 |    55 ||    89
       Constrict         |    16 |    19 ||    35
       Tentacles         |     9 |    11 ||    20
 Cast: Magic Dart        |    54 |    92 ||   146
       Dazzling Spray    |       |     5 ||     5
       Searing Ray       |       |     3 ||     3
Evoke: Wand              |       |     3 ||     3
  Use: Scroll            |     2 |     6 ||     8
 Stab: Sleeping          |     1 |     3 ||     4
  Eat: Chunk             |     2 |     6 ||     8
       Royal jelly       |       |     3 ||     3
Armor: Skin              |     3 |     4 ||     7
Dodge: Dodged            |    21 |    44 ||    65
